 Dungeon Crawl Stone Soup version 0.20-a0-1040-gfd09691 (webtiles) character file.

81973 Alarkh the Carver (level 15, -12/119 HPs)
             Began as a Demonspawn Fighter on Apr 23, 2017.
             Was the Champion of Okawaru.
             Mangled by an orc warlord
             ... wielding a +0 great mace
              (37 damage)
             ... on level 1 of the Orcish Mines.
             The game lasted 00:41:14 (27088 turns).

Alarkh the Carver (Demonspawn Fighter)             Turns: 27088, Time: 00:41:15

Health: -12/119    AC: 25    Str: 17    XL:     15   Next: 28%
Magic:  22/22      EV: 21    Int: 19    God:    Okawaru [******]
Gold:   2610       SH: 26    Dex: 20    Spells: 14/14 levels left

rFire    + + .     SeeInvis +   a - +7 scimitar (flame)
rCold    . . .     Gourm    .   s - +6 large shield "Miarus" {Dex+4}
rNeg     . . .     Faith    +   x - +5 ring mail {rPois}
rPois    +         Spirit   .   X - +2 hat {SInv}
rElec    +         Reflect  .   d - +0 cloak
rCorr    .         Harm     .   i - +2 pair of gloves
MR       +....                  r - +1 pair of boots {Fly}
Stlth    +++++.....             k - amulet of faith
Regen    0.3/turn               R - ring of the Curious Seas {rElec rF+ Int+4 Slay+2}
MPRegen  0.2/turn               S - +3 ring of dexterity

@: heroism, flying
A: antennae 1, molten scales 3, deformed body, nightstalker 2, poison
resistance, powered by death 3
a: Heroism, Finesse, Renounce Religion, Stop Flying


You were on level 1 of the Orcish Mines.
You worshipped Okawaru.
Okawaru was exalted by your worship.
You were not hungry.

You visited 4 branches of the dungeon, and saw 23 of its levels.
You also visited: Ice Cave and Volcano.

You collected 2610 gold pieces.

Inventory:

Hand Weapons
 a - a +7 scimitar of flaming (weapon)
Armour
 d - a +0 cloak (worn)
 i - a +2 pair of gloves (worn)
 r - a +1 pair of boots of flying (worn)
 s - the +6 large shield "Miarus" (worn) {Dex+4}
   (You found it on level 5 of the Dungeon)

   It affects your dexterity (+4).
 x - a +5 ring mail of poison resistance (worn)
 B - the +1 leather armour "Cacwudia" {*Drain rC+ Stlth+}
   (You found it on level 14 of the Dungeon)

   It protects you from cold.
   It causes draining when unequipped.
   It makes you more stealthy.
 X - a +2 hat of see invisible (worn)
Jewellery
 g - an uncursed ring of poison resistance
 k - an amulet of faith (around neck)
 O - an uncursed amulet of harm
 R - the ring of the Curious Seas (left hand) {rElec rF+ Int+4 Slay+2}
   (You found it in an ice cave)

   [ring of intelligence]

   It affects your intelligence (+4).
   It affects your accuracy and damage with ranged weapons and melee attacks
   (+2).
   It protects you from fire.
   It insulates you from electricity.
 S - a +3 ring of dexterity (right hand)
 U - an uncursed ring of teleportation
Wands
 b - a wand of scattershot (4/9)
 u - a wand of digging (11/24)
 C - a wand of clouds (4/9)
 I - a wand of confusion (24/48)
Scrolls
 c - 4 scrolls of blinking
 e - 2 scrolls of identify
 j - 2 scrolls of recharging
 m - 2 scrolls of immolation
 n - a scroll of acquirement
 o - a scroll of silence
 p - 2 scrolls of magic mapping
 q - 8 scrolls of teleportation
 y - 3 scrolls of fog
 A - a scroll of fear
 E - a scroll of torment
 J - a scroll of enchant armour
 Q - 5 scrolls of remove curse
 Y - a scroll of summoning
Potions
 l - 4 potions of curing
 v - 2 potions of might
 w - 2 potions of berserk rage
 z - 4 potions of agility
 D - 3 potions of resistance
 F - 3 potions of flight
 G - a potion of magic
 H - 3 potions of heal wounds
 L - 2 potions of haste
 N - a potion of brilliance
Books
 h - a book of Geomancy

   Spells                             Type                      Level
   a - Sandblast                      Earth                        1
   b - Passwall                       Transmutation/Earth          2
   c - Stone Arrow                    Conjuration/Earth            3
   d - Petrify                        Transmutation/Earth          4
   e - Lee's Rapid Deconstruction     Earth                        5
Miscellaneous
 t - a lamp of fire (inert)
Comestibles
 f - 6 bread rations
 K - a meat ration
 M - 13 royal jellies
 P - 12 chunks of flesh


   Skills:
 + Level 11.2(16.2) Fighting
 * Level 14.1(19.1) Long Blades
 + Level 10.4(15.4) Armour
 + Level 9.8(14.8) Dodging
 + Level 10.7(15.7) Shields
 - Level 10.0 Invocations


You had 14 spell levels left.
You didn't know any spells.

Dungeon Overview and Level Annotations

Branches:
Dungeon (14/15)            Temple (1/1) D:7            Lair (6/6) D:8
 Shoals (0/4) Lair:3        Snake (0/4) Lair:4        Slime (0/5) Lair:6
    Orc (2/2) D:11         Vaults (0/5) D:14
    Elf: Orc:2

Altars:
Ashenzari
Cheibriados
Dithmenos
Elyvilon
Fedhas
Gozag
Hepliaklqana
Kikubaaqudgha
Makhleb
Nemelex Xobeh
Okawaru
Qazlal
Ru
Sif Muna
Trog
Uskayaw
Vehumet
Wu Jian
Xom
Yredelemnul
Zin
The Shining One
Jiyva

Shops:
D:14 (   Orc:2 :*

Annotations:
D:3 1 exclusion
D:5 Alarkh's ghost, novice DsSk


Innate Abilities, Weirdness & Mutations

You have a pair of small antennae on your head.
You are completely covered in molten scales. (AC +4, rF+)
You are significantly more attuned to the shadows.
You regenerate a lot of health from kills.
Armour fits poorly on your strangely shaped body.
Your system is resistant to poisons. (rPois)


Message History

You block the orc warlord's attack.
You slash the orc warlord! You burn the orc warlord.
The orc warlord is severely wounded.
You hit the orc warlord. You burn the orc warlord.
The orc warlord is almost dead.
The orc warlord is engulfed in blazing flames.
The orc warlord hits you with a great mace!!
* * * LOW HITPOINT WARNING * * *
You slash the orc warlord! You burn the orc warlord.
The orc warlord is almost dead.
You barely miss the orc warlord.
The orc warlord is almost dead.
You block the orc warlord's attack.
Evoke which item? (* to show all) (? for menu, Esc to quit)
Aiming: Cloud Cone
Press: ? - help, Dir - move target cursor, f/p - orc warlord
Aim: an orc warlord, wielding a great mace and wearing a shiny plate armour (almost dead, unusually strong)
You create a blast of noxious fumes!
This wand has 4 charges left.
The orc warlord hits you with a great mace!!!
You die...

###..>.##
#..#.....#.## #.
###.#.....##
##.#.....### ##
##..........#
###....#.# ###
#..........#####
####.### #.#
##.....#....##.##
#.# ##.
###....(###.......#
### ###.
#.....(###..§.....##
####...
.........#.#§§§....#
##.#....
......######§§§o@..#
#.......
...))).####.§§§....#
#####...
#..)...#.###§.....##
#...
#........##.......#
#...
##.#.............##
#...
###............##
#### #...........##
# ####......### #
###...## #


You could see an orc warlord.

Vanquished Creatures
  Snorg (Orc:1)
  Josephine (D:10)
  5 hydras
  2 ice dragons (IceCv)
  Harold (D:11)
  A catoblepas (Lair:6)
  An anaconda (Lair:6)
  6 two-headed ogres
  Erica (D:8)
  A tengu warrior (D:14)
  A sun demon (Volcano)
  A hell knight (Volcano)
  An orc high priest (Orc:2)
  4 skeletal warriors (D:14)
  2 unseen horrors
  2 lindwurms (Lair:2)
  3 orc knights
  A wolf spider zombie (D:13)
  2 orc sorcerers
  3 manticores
  4 ugly things
  2 cyclopes
  A centaur zombie (D:13)
  6 elephants (Lair:4)
  2 ice statues (IceCv)
  A black mamba (shapeshifter) (D:14)
  A gargoyle (Volcano)
  A molten gargoyle (Volcano)
  Maurice (D:9)
  4 black mambas
  3 torpor snails (Lair:4)
  11 spiny frogs
  8 komodo dragons
  4 rime drakes
  A tengu conjurer (D:14)
  10 polar bears
  5 trolls
  A red devil (Volcano)
  A queen bee (D:11)
  3 meliai (D:11)
  3 hornets
  A hippogriff (shapeshifter) (D:14)
  A slime creature (shapeshifter) (D:14)
  12 blink frogs
  Grinder (D:6)
  2 meliai zombies
  12 dream sheep
  10 hippogriffs
  A shadow (D:14)
  2 wyverns
  36 yaks
  A vampire (D:13)
  A spriggan (shapeshifter) (D:14)
  Eustachio (D:6)
  5 wraiths (D:10)
  A golden eye (shapeshifter) (D:13)
  2 basilisks (Lair:3)
  2 fire bats (Volcano)
  15 vampire mosquitoes
  2 hungry ghosts
  11 wargs
  Edmund (D:4)
  A soldier ant (D:12)
  An acid dragon (D:12)
  3 nagas (Lair:4)
  14 water moccasins
  18 hell hounds
  15 orc warriors
  4 porcupines
  4 sky beasts
  25 ice beasts
  13 black bears
  2 phantoms
  2 eyes of draining (D:6)
  34 wolves
  22 ogres
  2 necrophages
  13 crocodiles
  4 centaurs
  15 bullfrogs
  A gnoll sergeant (D:8)
  A wyvern skeleton (D:7)
  5 scorpions
  16 killer bees
  4 wights (D:12)
  4 howler monkeys
  An electric eel (Lair:5)
  A bullfrog zombie (D:13)
  7 hounds
  8 lava snakes (Volcano)
  A quasit (D:11)
  6 crimson imps
  10 orc priests
  3 centaur skeletons
  5 jellies
  20 orc wizards
  2 bullfrog skeletons (D:12)
  4 iguanas
  15 worker ants
  2 hound skeletons
  2 worker ant zombies
  A howler monkey zombie (D:8)
  Robin (D:3)
  10 adders
  6 gnolls
  4 shadow imps
  6 oozes
  4 worms
  2 dart slugs
  5 leopard geckos
  64 orcs
  6 giant cockroaches
  15 goblins
  10 hobgoblins
  9 jackals
  11 kobolds
  8 quokkas
  3 ball pythons
  3 bats
  3 frilled lizards
  2 leopard gecko zombies
  2 quokka skeletons
  2 quokka zombies (D:7)
  13 rats
  3 rat zombies (D:7)
736 creatures vanquished.

Vanquished Creatures (others)
  11 fungi
  26 plants
37 creatures vanquished.

Grand Total: 773 creatures vanquished

Notes
Turn   | Place    | Note
-------+----------+-------------------------------------------
     0 | D:1      | Alarkh the Demonspawn Fighter began the quest for the Orb.
     0 | D:1      | Reached XP level 1. HP: 18/18 MP: 1/1
     0 | D:1      | Found an ancient bone altar of Kikubaaqudgha.
   185 | D:1      | Reached skill level 2 in Long Blades
   187 | D:1      | Gained mutation: You regenerate a little health from kills. [demonic ancestry]
   187 | D:1      | Reached XP level 2. HP: 6/24 MP: 2/2
   702 | D:2      | Reached XP level 3. HP: 7/29 MP: 3/3
   844 | D:2      | Reached skill level 1 in Dodging
  1840 | D:2      | Gained mutation: You regenerate health from kills. [demonic ancestry]
  1840 | D:2      | Reached XP level 4. HP: 36/36 MP: 4/4
  2415 | D:3      | Found an opulent altar of Gozag.
  2562 | D:3      | Noticed Robin
  2580 | D:3      | Gained mutation: You are weak. (Str -2) [potion of mutation]
  2580 | D:3      | Gained mutation: You have a pair of small horns on your head. [potion of mutation]
  2587 | D:3      | Reached skill level 3 in Long Blades
  2587 | D:3      | Reached XP level 5. HP: 42/42 MP: 5/5
  2609 | D:3      | Killed Robin
  3532 | D:4      | Gained mutation: You are slightly more attuned to the shadows. [demonic ancestry]
  3532 | D:4      | Reached XP level 6. HP: 43/48 MP: 6/6
  3554 | D:4      | Noticed Edmund
  3856 | D:4      | Found a shimmering altar of Xom.
  3860 | D:4      | Noticed an angel
  3900 | D:4      | Found a glowing silver altar of Zin.
  4096 | D:4      | Found a sparkling altar of Nemelex Xobeh.
  4101 | D:4      | Found a glowing golden altar of the Shining One.
  4103 | D:4      | Found a bloodstained altar of Trog.
  4103 | D:4      | Found a hide-covered altar of Uskayaw.
  4105 | D:4      | Found a blossoming altar of Fedhas.
  4107 | D:4      | Found a basalt altar of Yredelemnul.
  4571 | D:4      | Reached skill level 4 in Long Blades
  4754 | D:4      | Gained mutation: You are partially covered in molten scales. (AC +2) [demonic ancestry]
  4754 | D:4      | Reached XP level 7. HP: 49/55 MP: 7/7
  5055 | D:4      | Killed Edmund
  5203 | D:5      | Entered Level 5 of the Dungeon
  5403 | D:5      | Noticed Alarkh's ghost (novice DsSk)
  5618 | D:5      | Got a crude large shield
  5650 | D:5      | Identified the +6 large shield "Miarus" {Dex+4} (You found it on level 5 of the Dungeon)
  5693 | D:5      | Reached skill level 5 in Fighting
  5693 | D:5      | Reached skill level 5 in Long Blades
  5840 | D:4      | Gained mutation: You are mostly covered in molten scales. (AC +3) [demonic ancestry]
  5840 | D:4      | Reached XP level 8. HP: 36/62 MP: 8/8
  6971 | D:6      | Found a bloodstained altar of Trog.
  6993 | D:6      | Reached skill level 6 in Long Blades
  6993 | D:6      | Reached skill level 5 in Shields
  7146 | D:6      | Noticed Grinder
  7148 | D:6      | Paralysed by Grinder for 6 turns
  7166 | D:6      | Killed Grinder
  7166 | D:6      | Gained mutation: You are significantly more attuned to the shadows. [demonic ancestry]
  7166 | D:6      | Reached XP level 9. HP: 61/69 MP: 9/9
  7246 | D:6      | Reached skill level 5 in Armour
  7342 | D:6      | Noticed Eustachio
  7368 | D:6      | Killed Eustachio
  7908 | D:7      | Reached skill level 7 in Long Blades
  7948 | D:7      | Gained mutation: Scrolls take you a little longer to read. [mutagenic meat]
  7949 | D:7      | Gained mutation: Your spells are a little easier to cast, but a little less powerful. [mutagenic meat]
  8097 | D:7      | Found a sacrificial altar of Ru.
  8399 | D:7      | Found an ancient bone altar of Kikubaaqudgha.
  8719 | D:7      | Found a staircase to the Ecumenical Temple.
  8934 | Temple   | Entered the Ecumenical Temple
  9005 | Temple   | Became a worshipper of Warmaster Okawaru
  9099 | D:8      | Noticed Erica
  9127 | D:8      | Killed Erica
  9127 | D:8      | Reached * piety under Okawaru
  9127 | D:8      | Reached skill level 5 in Dodging
  9127 | D:8      | Reached XP level 10. HP: 42/77 MP: 10/10
  9329 | D:8      | Reached skill level 8 in Long Blades
  9375 | D:8      | Found a staircase to the Lair.
  9391 | D:8      | Noticed a cyclops
  9436 | Lair:1   | Entered Level 1 of the Lair of Beasts
  9596 | Lair:1   | Gained mutation: Your flesh is cold resistant. (rC+) [mutagenic meat]
  9597 | Lair:1   | Lost mutation: You have a pair of small horns on your head. [mutagenic meat]
  9598 | Lair:1   | Gained mutation: Your spells are easier to cast, but less powerful. [mutagenic meat]
  9775 | D:8      | Killed a cyclops
  9835 | D:8      | Reached ** piety under Okawaru
  9917 | D:8      | Identified a scroll of acquirement
 10608 | Lair:1   | Noticed a spiny frog
 10615 | Lair:1   | Killed a spiny frog
 10800 | Lair:1   | Reached *** piety under Okawaru
 10844 | Lair:1   | Noticed an eight-headed hydra
 10856 | Lair:1   | Killed a one-headed hydra
 10856 | Lair:1   | Reached skill level 9 in Long Blades
 10858 | Lair:1   | Reached **** piety under Okawaru
 11249 | Lair:1   | Gained mutation: You have a pair of small antennae on your head. [demonic ancestry]
 11249 | Lair:1   | Reached XP level 11. HP: 84/85 MP: 11/11
 11337 | Lair:1   | Noticed an eight-headed hydra
 11354 | Lair:1   | Killed a one-headed hydra
 12271 | Lair:2   | Reached ***** piety under Okawaru
 12623 | Lair:2   | Received a gift from Okawaru
 12776 | Lair:2   | Reached skill level 10 in Long Blades
 12954 | Lair:2   | Noticed a lindwurm
 12966 | Lair:2   | Killed a lindwurm
 12966 | Lair:2   | Reached skill level 1 in Invocations
 13195 | Lair:2   | Noticed a lindwurm
 13201 | Lair:2   | Killed a lindwurm
 13638 | Lair:3   | Noticed a seven-headed hydra
 13647 | Lair:3   | Killed a one-headed hydra
 13778 | Lair:3   | Found a staircase to the Shoals.
 13968 | Lair:3   | Reached XP level 12. HP: 94/94 MP: 14/14
 14446 | Lair:3   | Received a gift from Okawaru
 15041 | Lair:4   | Found a frozen archway.
 15076 | Lair:4   | Reached skill level 11 in Long Blades
 15159 | IceCv    | Entered an ice cave
 15189 | IceCv    | Reached ****** piety under Okawaru
 15507 | IceCv    | Received a gift from Okawaru
 15529 | IceCv    | Noticed an ice dragon
 15530 | IceCv    | Noticed an ice dragon
 15542 | IceCv    | Killed an ice dragon
 15550 | IceCv    | Killed an ice dragon
 15550 | IceCv    | Reached skill level 5 in Invocations
 15641 | IceCv    | Got a twitching ivory ring
 15803 | IceCv    | Identified the ring of the Curious Seas {rElec rF+ Int+4 Slay+2} (You found it in an ice cave)
 16210 | Lair:4   | Reached XP level 13. HP: 101/101 MP: 17/17
 16233 | Lair:4   | Received a gift from Okawaru
 16628 | Lair:4   | Found a staircase to the Snake Pit.
 16889 | Lair:4   | Found a snail-covered altar of Cheibriados.
 17072 | Lair:5   | Reached skill level 12 in Long Blades
 17344 | Lair:5   | Received a gift from Okawaru
 18231 | Lair:6   | Entered Level 6 of the Lair of Beasts
 18284 | Lair:6   | Found a staircase to the Slime Pits.
 18287 | Lair:6   | Found a viscous altar of Jiyva.
 19244 | Lair:6   | Reached skill level 10 in Fighting
 19342 | Lair:6   | Received a gift from Okawaru
 19514 | Lair:6   | Gained mutation: You regenerate a lot of health from kills. [demonic ancestry]
 19514 | Lair:6   | Reached XP level 14. HP: 110/110 MP: 20/20
 19935 | D:9      | Noticed Maurice
 19947 | D:9      | Killed Maurice
 19972 | D:9      | Found a hazy altar of Hepliaklqana.
 20139 | D:9      | Found a snail-covered altar of Cheibriados.
 20831 | D:10     | Entered Level 10 of the Dungeon
 20871 | D:10     | Received a gift from Okawaru
 21055 | D:10     | Lost mutation: Your spells are easier to cast, but less powerful. [potion of mutation]
 21055 | D:10     | Lost mutation: Your flesh is cold resistant. (rC+) [potion of mutation]
 21055 | D:10     | Lost mutation: Scrolls take you a little longer to read. [potion of mutation]
 21055 | D:10     | Lost mutation: You are weak. (Str -2) [potion of mutation]
 21055 | D:10     | Lost mutation: Your spells are a little easier to cast, but a little less powerful. [potion of mutation]
 21055 | D:10     | Gained mutation: Armour fits poorly on your strangely shaped body. [potion of mutation]
 21055 | D:10     | Gained mutation: Your system is resistant to poisons. (rPois) [potion of mutation]
 21116 | D:10     | Found a stormy altar of Qazlal.
 21279 | D:10     | Noticed Josephine
 21291 | D:10     | Killed Josephine
 21308 | D:10     | Reached skill level 13 in Long Blades
 21866 | D:11     | Found a staircase to the Orcish Mines.
 22046 | D:11     | Reached skill level 10 in Shields
 22094 | D:11     | Noticed Harold
 22102 | D:11     | Killed Harold
 22102 | D:11     | Received a gift from Okawaru
 22362 | D:11     | You fall through a shaft for 3 floors!
 22397 | D:14     | Got a translucent leather armour
 22408 | D:14     | Identified the +1 leather armour "Cacwudia" {*Drain rC+ Stlth+} (You found it on level 14 of the Dungeon)
 22668 | D:14     | Found Etuob's Weapon Boutique.
 23008 | D:14     | Found a gate to the Vaults.
 23071 | D:14     | Received a gift from Okawaru
 23072 | D:14     | Got a warped plate armour {god gift}
 23083 | D:14     | Identified the +2 plate armour of Impatience {Int+4} (Okawaru gifted it to you on level 14 of the Dungeon)
 23302 | D:14     | Reached skill level 10 in Armour
 24143 | D:13     | Found a shimmering altar of Xom.
 24144 | D:13     | Found a shimmering altar of Xom.
 24183 | D:13     | Found a shimmering altar of Xom.
 24183 | D:13     | Found a shimmering altar of Xom.
 24185 | D:13     | Found a shimmering altar of Xom.
 24750 | D:12     | Received a gift from Okawaru
 24751 | D:12     | Got a steaming plate armour {god gift}
 24762 | D:12     | Identified the +0 plate armour "Wunyudit" {rElec Dex-4 SInv} (Okawaru gifted it to you on level 12 of the Dungeon)
 24903 | D:12     | Found a shimmering altar of Xom.
 25241 | D:11     | Gained mutation: You are completely covered in molten scales. (AC +4, rF+) [demonic ancestry]
 25241 | D:11     | Reached XP level 15. HP: 118/118 MP: 22/22
 25317 | Orc:1    | Entered Level 1 of the Orcish Mines
 25337 | Orc:1    | Reached skill level 10 in Invocations
 25523 | Orc:1    | Found a dark tunnel.
 25537 | Volcano  | Entered a volcano
 25859 | Volcano  | Found a radiant altar of Vehumet.
 25900 | Volcano  | Reached skill level 14 in Long Blades
 26343 | Orc:1    | Noticed Snorg
 26355 | Orc:1    | Killed Snorg
 26561 | Orc:2    | Entered Level 2 of the Orcish Mines
 26582 | Orc:2    | Found a burning altar of Makhleb.
 26700 | Orc:2    | Found Reepatwi's Book Shoppe.
 26894 | Orc:2    | Noticed an orc warlord
 27015 | Orc:2    | Found Wask's General Store.
 27045 | Orc:2    | Noticed an orc warlord
 27088 | Orc:1    | Mangled by an orc warlord

Vault maps used:
D:1:      sevenhm_arrival_forest_fort_small_6
D:2:      cheibrodos_old_hovel, st_stairs_12, roderic_lattice_a
D:3:      cheibrodos_pilgrimage, lemuel_crystal_altar, lemuel_flame_loot_1,
          uniq_robin
D:4:      grunt_temple_overflow_order_and_chaos_1, minitemple, uniq_edmund
D:5:      serial_aquarium, aquarium_bridge_island_small, aquarium_window_fake,
          aquarium_window_fake, aquarium_window_1, aquarium_view_2b,
          aquarium_view_2b, first_bread
D:6:      trog_eyes_of_draining, uniq_grinder, uniq_eustachio
D:7:      lemuel_zombie_altar_kikubaaqudgha, minmay_temple_entry_nine_rooms,
          nicolae_ru_awakened_eye
D:8:      minmay_bloctagon, lair_entry_dummy, uniq_erica
D:9:      minmay_flawed_box, nicolae_overflow_hidden_temple,
          nicolae_overflow_crystal_walls, uniq_maurice
D:10:     hangedman_little_slice_of_home, lemuel_statue_altar, uniq_josephine
D:11:     orc_0_dummy, hangedman_decor_points, nicolae_looking_at_the_future,
          uniq_harold
D:12:     basic_altar
D:13:     xom_redecorated
D:14:     david_vaults_2, serial_shops, shop, kennysheep_nub
Temple:   zaba_magenta_temple
Lair:2:   cheibrodos_lair_overgrown_chateau, lemuel_fruit_fields,
          lemuel_fruit_tree
Lair:3:   elwin_shoals_entry_rocks
Lair:4:   guppyfry_snake_entry_garden, portal_ice_cave_entry_ice_beasts,
          kennysheep_snail_temple
Lair:5:   serial_bayou_shore_a, infiniplex_staircase_pool
Lair:6:   hangedman_lair_caniforms_friends, slime_altar_1
Orc:1:    enter_volcano_3, uniq_snorg
Orc:2:    grunt_orc_gardens, grunt_orc_garden, grunt_orc_garden,
          grunt_orc_garden, grunt_orc_garden, bloody_makhleb, uniq_nessos
IceCv:    ice_cave_small_dragons
Volcano:  volcano_lake

Skill      XL: |  1  2  3  4  5  6  7  8  9 10 11 12 13 14 15 |
---------------+----------------------------------------------+-----
Long Blades    | 2 3 4 5 6 7 9 10 11 12 13 14 | 14.1
Dodging        | 1 2 3 5 6 7 8 9 |  9.8
Shields        | 3 4 5 6 7 8 9 10 | 10.7
Armour         | 3 4 6 7 8 9 10 | 10.4
Fighting       | 4 5 6 7 8 9 10 11 | 11.2
Invocations    | 2 5 8 9 10 | 10.0

Action                   |  1- 3 |  4- 6 |  7- 9 | 10-12 | 13-15 || total
-------------------------+-------+-------+-------+-------+-------++-------
Melee: Long sword        |   185 |   173 |    11 |       |       ||   369
       Headbutt          |       |    31 |    94 |    10 |       ||   135
       Dagger            |       |    39 |   423 |       |       ||   462
       Scimitar          |       |       |       |   806 |  1394 ||  2200
Invok: Heroism           |       |       |       |    12 |     8 ||    20
Evoke: Wand              |       |       |       |       |     2 ||     2
       Lamp of fire      |       |       |       |       |     1 ||     1
  Use: Potion            |     2 |     4 |     1 |     2 |     1 ||    10
       Scroll            |     1 |     1 |     9 |    12 |    19 ||    42
 Stab: Sleeping          |       |     1 |    14 |    11 |    35 ||    61
       Distracted        |       |       |       |     1 |     3 ||     4
       Petrifying        |       |       |       |       |     2 ||     2
       Petrified         |       |       |       |       |     1 ||     1
       Confused          |       |       |       |       |     4 ||     4
  Eat: Chunk             |     3 |    10 |    16 |    28 |    37 ||    94
Armor: Scale mail        |    94 |    36 |       |       |       ||   130
       Leather armour    |       |    11 |    28 |    12 |       ||    51
       Ring mail         |       |       |    10 |   225 |   274 ||   509
Dodge: Dodged            |    60 |    67 |    65 |   263 |   454 ||   909
Block: Shield            |   115 |    97 |    26 |       |       ||   238
       Large shield      |       |       |   256 |   985 |  1562 ||  2803
       Rpst.: Long sword |    15 |    25 |     1 |       |       ||    41
       Scimitar          |       |       |       |    82 |   135 ||   217
